 Dungeon Crawl Stone Soup version 0.31.0-12-g77e489cdc1 (webtiles) character file.

Game seed: 4526369662527656338

610 Silvore the Slasher (level 7, 0/81 HPs)
             Began as a Demonspawn Fighter on Feb 17, 2024.
             Succumbed to Edmund's poison
             ... on level 4 of the Dungeon.
             The game lasted 00:04:14 (2864 turns).

Silvore the Slasher (Demonspawn Fighter)            Turns: 2864, Time: 00:04:14

Health: 0/81       AC: 23    Str: 18    XL:     7   Next: 20%
Magic:  7/7        EV:  2    Int:  9    God:
Gold:   174        SH: 10    Dex: 18    Spells: 6/6 levels left

rFire   + + .        a - +1 long sword
rCold   + . .        k - +0 kite shield
rNeg    . . .        s - melded +0 plate armour "Muynk" {MP+9 Int-2 Dex+4}
rPois   +            (helmet currently unavailable)
rElec   +            (cloak currently unavailable)
rCorr   +            (gloves currently unavailable)
SInv    .            i - melded +0 pair of boots
Will    .....        (no amulet)
Stlth   ++           n - +6 ring of dexterity
HPRegen 0.33/turn    h - ring of protection from fire
MPRegen 0.10/turn

%: no passive effects
@: lethally poisoned (0 -> -13), tree-form, resistant
A: stationary, stasis, torment immunity, boosted hp, (horns 1), repulsion field
1, powered by pain 1, (spiny 1)
a: no special abilities


You were on level 4 of the Dungeon.
You were a tree.
You visited 1 branch of the dungeon, and saw 4 of its levels.

You collected 174 gold pieces.

Inventory:

Hand Weapons
 a - a +1 long sword (weapon)
Armour
 b - a +0 scale mail
 c - a +0 buckler
 i - a +0 pair of boots (melded)
 j - a +0 plate armour
 k - a +0 kite shield (worn)
 s - the +0 plate armour "Muynk" (melded) {MP+9 Int-2 Dex+4}
   (You found it on level 3 of the Dungeon)

   Int-2:     It affects your intelligence (-2).
   Dex+4:     It affects your dexterity (+4).
   MP+9:      It affects your magic capacity (+9).
Jewellery
 h - a ring of protection from fire (right branch)
 l - a ring of wizardry
 n - a +6 ring of dexterity (left branch)
Wands
 u - a wand of polymorph (8)
Scrolls
 p - a scroll of teleportation
 r - a scroll of noise {unknown}
 t - 3 scrolls of revelation
Potions
 d - a potion of might
 e - a potion of cancellation
 f - a potion of brilliance {unknown}
 g - a potion of resistance
 m - a potion of ambrosia {unknown}
 o - a potion of curing {unknown}
 q - a potion of lignification


   Skills:
 + Level 4.0 Fighting
 + Level 4.9 Long Blades
 + Level 3.9 Armour
 + Level 1.8 Dodging
 + Level 0.3 Stealth
 + Level 4.0 Shields


You had 6 spell levels left.
You didn't know any spells.
Your spell library contained the following spells:

 Spells                   Type           Power      Damage    Failure   Level
 Ensorcelled Hibernation  Hex/Ice        0%         N/A       85%         2
 Fugue of the Fallen      Necr           0%         N/A       97%         3
 Passwall                 Erth           0%         N/A       97%         3
 Swiftness                Air            0%         N/A       97%         3
 Anguish                  Hex/Necr       0%         N/A       100%        4


Dungeon Overview and Level Annotations

Branches:
Dungeon (4/15)
 Temple: D:4-7

Altars:
Ru
Uskayaw

Shops:
D:1 *   D:3 (

Annotations:
D:3 1 transporter
D:4 Edmund


Innate Abilities, Weirdness & Mutations

You are a tree.
Your roots penetrate the ground, keeping you stationary.
You cannot be teleported.
You are immune to unholy pain and torment.
Your maximum health is greatly increased.
Your equipment is partially melded.
((You have a pair of small horns on your head.))
You are surrounded by a mild repulsion field. (EV +2)
You sometimes gain a little power by taking damage.
((You are partially covered in sharp spines.))


Message History

You are more poisoned.
You hit Edmund.
Edmund is heavily wounded.
* * * LOW HITPOINT WARNING * * *
You feel very sick. You block Edmund's attack.
You hit Edmund. You headbutt Edmund, but do no damage.
Edmund is heavily wounded.
* * * LOW HITPOINT WARNING * * *
You feel very sick.
Edmund says, "Everyone always remembers my brother. 'Who's Edmund?' they ask!"
You block Edmund's attack.
Unknown command.
* * * LOW HITPOINT WARNING * * *
You feel very sick. You block Edmund's attack.
It was a potion of resistance.
You feel protected.
* * * LOW HITPOINT WARNING * * *
You feel sick. Edmund hits you but does no damage.
It was a potion of lignification.
You turn into a tree.
Your +0 pair of boots melds into your body.
The +0 plate armour "Muynk" {MP+9 Int-2 Dex+4} melds into your body.
You feel your magic capacity decrease.
Your roots penetrate the ground.
You feel sick. Edmund hits you but does no damage.
You barely miss Edmund.
Edmund is heavily wounded.
You feel sick.
Edmund hits you with a +1 flail of venom.
* * * LOW HITPOINT WARNING * * *
Edmund hits you but does no damage.
You hit Edmund but do no damage.
Edmund is heavily wounded.
You feel sick.
Edmund hits you with a +1 flail of venom.
* * * LOW HITPOINT WARNING * * *
You are lethally poisoned!
You barely miss Edmund.
Edmund is heavily wounded.
You die...

#.....#
#....##
#.#.## #.#.#
#.#<#
####.#'##
.........##
.####.....##
#....♣@.#
#.........#
+.........+
#.........#
##.......##
##.....##
##...##
##+##


You could see Edmund.

Vanquished Creatures
  Eustachio (D:4)
  A black bear (D:3)
  A phantom (D:3)
  The ghost of Gadfly the Sneak, an amateur SpEn (D:3)
  A bombardier beetle (D:4)
  2 hounds
  A jelly (D:3)
  5 adders
  2 dart slugs (D:3)
  A ribbon worm (D:3)
  3 orcs
  10 bats
  6 endoplasms
  4 giant cockroaches
  6 goblins
  5 hobgoblins
  A quokka (D:1)
  6 ball pythons
  5 frilled lizards
  7 kobolds
  4 rats
73 creatures vanquished.

Notes
Turn   | Place    | Note
-------+----------+-------------------------------------------
     0 | D:1      | Silvore the Demonspawn Fighter began the quest for the Orb.
     0 | D:1      | Reached XP level 1. HP: 18/18 MP: 1/1
   136 | D:1      | Gained mutation: You have a pair of small horns on your
                  | head. [demonic ancestry]
   136 | D:1      | Reached XP level 2. HP: 22/24 MP: 2/2
   611 | D:1      | Found Noemmoz's Assorted Antiques.
   777 | D:2      | Found a sacrificial altar of Ru.
   788 | D:2      | Gained mutation: You are surrounded by a mild repulsion
                  | field. (EV +2) [demonic ancestry]
   788 | D:2      | Reached XP level 3. HP: 29/29 MP: 3/3
  1050 | D:2      | Reached skill level 1 in Dodging
  1095 | D:2      | Gained mutation: You are partially covered in sharp spines.
                  | [demonic ancestry]
  1095 | D:2      | Reached XP level 4. HP: 32/35 MP: 4/4
  1352 | D:3      | Found a transporter.
  1352 | D:3      | Noticed Gadfly's ghost (amateur SpEn)
  1361 | D:3      | Found Lainti's Weapon Shop.
  1399 | D:3      | Reached XP level 5. HP: 41/41 MP: 5/5
  1425 | D:3      | Noticed a phantom
  1435 | D:3      | Killed a phantom
  1442 | D:3      | Found a hide-covered altar of Uskayaw.
  1523 | D:3      | Found a transporter.
  1799 | D:3      | Identified the +0 robe of the Vacuum {rF+ MP+9 Str+4}
  1909 | D:3      | Noticed a black bear
  1919 | D:3      | Killed a black bear
  1920 | D:3      | Gained mutation: You sometimes gain a little power by
                  | taking damage. [demonic ancestry]
  1920 | D:3      | Reached XP level 6. HP: 33/48 MP: 6/6
  2031 | D:3      | Found a sacrificial altar of Ru.
  2047 | D:3      | Identified the +0 plate armour "Muynk" {MP+9 Int-2 Dex+4}
  2382 | D:3      | Killed Gadfly's ghost
  2651 | D:4      | Noticed Eustachio
  2658 | D:4      | Killed Eustachio
  2659 | D:4      | Reached XP level 7. HP: 29/54 MP: 7/7
  2849 | D:4      | Noticed Edmund
  2863 | D:4      | HP: 3/81 [Edmund/+1 flail of venom (2)]
  2864 | D:4      | Succumbed to Edmund's poison

Illustrated notes

Levels and vault maps discovered:
D:1:      spicycebolla_arrival_ecumenical, layout_loops_ring, serial_shops,
          nicolae_shop_overgrown_old_shop, kennysheep_nondescript
D:2:      layout_rooms, basic_altar, minmay_pentomino_u4
D:3:      layout_loops_corners, eat_drink_and_be_merry_uskayaw,
          mainiacjoe_overflow_cross_hatched, gammafunk_ghost_arena,
          serial_shops, shop
D:4:      layout_loops_corners, uniq_eustachio, uniq_edmund,
          uniq_crazy_yiuf_cottage

Skill      XL: |  1  2  3  4  5  6 |
---------------+-------------------+-----
Long Blades    | 2 3 4 |  4.9
Armour         | 3 |  3.9
Dodging        | 1 |  1.8
Shields        | 3 4 |  4.0
Fighting       | 4 |  4.0
Stealth        | |  0.3

Action                     |  1- 3 |  4- 6 |  7- 9 || total
---------------------------+-------+-------+-------++-------
  Melee: Long sword        |   107 |    55 |    11 ||   173
         Headbutt          |    17 |    13 |     2 ||    32
    Use: Scroll            |     1 |     5 |       ||     6
         Potion            |       |     1 |     2 ||     3
 Armour: Scale mail        |    61 |       |       ||    61
         Plate armour      |    22 |    49 |     6 ||    77
         Skin              |       |       |     4 ||     4
  Dodge: Dodged            |    62 |    19 |     1 ||    82
  Block: Buckler           |    36 |    17 |       ||    53
         Kite shield       |       |     5 |     5 ||    10
